AoeStats
← OztRoniX

Arena

510515824Analyzed
2v2 RM · 1d ago on Oct 1, 2026· 48m 5s· 4 players
Game mode
Random Map
Map size
Medium (4 player)
Population
200
Speed
Normal
Resources
Standard
Victory
Conquest
Starting age
Dark Age
Ending age
Imperial Age
RankedLock teamsTeams togetherTeam positionsShared explorationLock speedFull tech treeHidden civsTurbo modeCheats
Victory
Defeat
🇮🇳 Teutons · India
730
+13
🇦🇺 Cumans · Australia
722
+14
🇮🇱 Japanese · Israel
680
-14
🇮🇱 Lithuanians · Israel
669
-13
YakyAK
10:56 Feudal Age
11:46 Double-Bit Axe
11:44 Horse Collar
14:52 Forging
17:19 Scale Mail Armor
24:03 Castle Age
21:59 Gold Mining
23:14 Scale Barding Armor
23:40 Fletching
24:56 Heavy Plow
24:41 Crossbowman
30:40 Town Watch
32:30 Pikeman
OztRoniX
0:29 Loom
15:53 Feudal Age
18:23 Horse Collar
18:37 Double-Bit Axe
18:48 Town Watch
19:39 Wheelbarrow
42:09 Castle Age
kakashi
11:22 Feudal Age
10:17 Loom
13:06 Double-Bit Axe
13:13 Gold Mining
17:02 Horse Collar
17:12 Man-at-Arms
18:41 Forging
19:26 Scale Mail Armor
25:49 Castle Age
25:43 Wheelbarrow
27:40 Bow Saw
27:26 Capped Ram
27:59 Fletching
28:09 Padded Archer Armor
29:44 Elite Skirmisher
33:44 Imperial Age
33:22 Thumb Ring
38:25 Two-Man Saw
37:30 Heavy Plow
37:34 Pikeman
38:16 Squires
38:15 Halberdier
39:49 Elite Kipchak
41:39 Hand Cart
41:58 Arson
42:32 Leather Archer Armor
42:32 Chain Mail Armor
48:17 Conscription
48:53 Ring Archer Armor
48:38 Chain Mail Armor
48:59 Iron Casting
48:19 Bodkin Arrow
iqHackSaw
1:37 Loom
12:29 Feudal Age
14:40 Double-Bit Axe
17:08 Man-at-Arms
17:39 Arson
20:22 Scale Mail Armor
27:03 Stone Mining
29:25 Castle Age
28:34 Forging
29:28 Long Swordsman
29:31 Pikeman
30:05 Gambesons
31:00 Horse Collar
31:41 Squires
31:47 Heavy Plow
33:50 Wheelbarrow
33:23 Gold Mining
35:25 Masonry
35:26 Fortified Wall
43:18 Bow Saw
47:32 Hand Cart
48:12 Chain Mail Armor
Connection lost

Rejoining the realm…

Still unreachable

The connection could not be restored.

Session expired

The server has moved on; the page needs a fresh start.